Workbook

Sheet Form - Archive Organisation
B2: For each question you wish to answer please put an 'x' in the box that is most relevant. No question is mandatory
B4: Organisational health
B6: 1. Mission statement
C9: No | D9: Partially | E9: Yes | F9: Don't know | G9: Not relevant | H9: Action (This column is optional)
B10: Policies, Plans and Procedures
B11: Does the Service have a written Mission Statement?
B13: Plans
B14: Does a Mission Statement inform all planning?
B16: Procedures
B17: Are all procedures informed by the Mission Statement?
B18: Is the Mission Statement clearly & regularly communicated to key internal stakeholders?
B19: Is the Mission Statement clearly & regularly communicated to key external stakeholders?
B20: Operational TOTAL (Policies + Plans + Procedures) | C20: =COUNTIF('Form - Archive Organisation'!C10:C19,"x") -> 0 | D20: =COUNTIF('Form - Archive Organisation'!D10:D19,"x") -> 0 | E20: =COUNTIF('Form - Archive Organisation'!E10:E19,"x") -> 0 | F20: =COUNTIF('Form - Archive Organisation'!F10:F19,"x") -> 0 | G20: =COUNTIF('Form - Archive Organisation'!G10:G19,"x") -> 0
B22: Current Status and Engagement
B23: Does the Mission Statement provide a realistic & positive driver for the development of the service?
B24: Does the Mission Statement effectively align the archive service with its parent body?
B26: Current engagement
B27: Do key internal stakeholders understand the purpose of the archive service?
B28: Do key external stakeholders understand the purpose of the archive service?
B29: Current Resilience TOTAL (Current status + current engagement) | C29: =COUNTIF('Form - Archive Organisation'!C22:C28,"x") -> 0 | D29: =COUNTIF('Form - Archive Organisation'!D22:D28,"x") -> 0 | E29: =COUNTIF('Form - Archive Organisation'!E22:E28,"x") -> 0 | F29: =COUNTIF('Form - Archive Organisation'!F22:F28,"x") -> 0 | G29: =COUNTIF('Form - Archive Organisation'!G22:G28,"x") -> 0
B31: Future Resilience Forecast
B32: Is it likely that the purpose of the archive service will remain relevant to the parent organisation?
B33: Is it likely internal stakeholders will support the archive service?
B34: Is it likely external stakeholders will support the archive service?
B35: Future Resilience TOTAL | C35: =COUNTIF('Form - Archive Organisation'!C31:C34,"x") -> 0 | D35: =COUNTIF('Form - Archive Organisation'!D31:D34,"x") -> 0 | E35: =COUNTIF('Form - Archive Organisation'!E31:E34,"x") -> 0 | F35: =COUNTIF('Form - Archive Organisation'!F31:F34,"x") -> 0 | G35: =COUNTIF('Form - Archive Organisation'!G31:G34,"x") -> 0
B37: 2. Governance & management
C40: No | D40: Partially | E40: Yes | F40: Don’t know | G40: Not relevant | H40: Action (This column is optional)
B41: Policies
B42: Is the current status of the service to collect, preserve & provide access to archives formally recognised by its governing body?
B43: Are management structures clearly documented?
B44: Operational TOTAL (Policies + Plans + Procedures) | C44: =COUNTIF('Form - Archive Organisation'!C41:C43,"x") -> 0 | D44: =COUNTIF('Form - Archive Organisation'!D41:D43,"x") -> 0 | E44: =COUNTIF('Form - Archive Organisation'!E41:E43,"x") -> 0 | F44: =COUNTIF('Form - Archive Organisation'!F41:F43,"x") -> 0 | G44: =COUNTIF('Form - Archive Organisation'!G41:G43,"x") -> 0
B46: Current Status and Engagement
B47: Is the current status of the archive to collect, preserve & provide access to collections assured within the parent body?
B48: Does the service have a clearly defined line of reporting to the senior management team of the governing body?
B49: Is the line of reporting effective for promoting the interests of the archive service?
B51: Current engagement
B52: Is senior management in the governing body actively engaged in the management & activities of the archive service?
B53: Does senior management value the archive service?
B54: Current Resilience TOTAL (Current status + current engagement) | C54: =COUNTIF('Form - Archive Organisation'!C46:C53,"x") -> 0 | D54: =COUNTIF('Form - Archive Organisation'!D46:D53,"x") -> 0 | E54: =COUNTIF('Form - Archive Organisation'!E46:E53,"x") -> 0 | F54: =COUNTIF('Form - Archive Organisation'!F46:F53,"x") -> 0 | G54: =COUNTIF('Form - Archive Organisation'!G46:G53,"x") -> 0
B56: Future Resilience Forecast
B57: Will the future location of the service within organisation of the parent body support the service's sustainability?
B58: Is the future relationship between the archive service & its parent body assured?
B59: Will the governance of the service assure its authority to collect, manage & provide access to collections?
B60: Future Resilience TOTAL | C60: =COUNTIF('Form - Archive Organisation'!C56:C59,"x") -> 0 | D60: =COUNTIF('Form - Archive Organisation'!D56:D59,"x") -> 0 | E60: =COUNTIF('Form - Archive Organisation'!E56:E59,"x") -> 0 | F60: =COUNTIF('Form - Archive Organisation'!F56:F59,"x") -> 0 | G60: =COUNTIF('Form - Archive Organisation'!G56:G59,"x") -> 0
B63: 3. Forward planning
B64: Accreditation Requirement 1.3: The archive service has effective forward plans & planning processes in place, which demonstrate a good understanding & an appropriate response to the organisational & wider context in which the service operates.
B65: Accreditation Outcome: The archive service plans effectively for long-term sustainability, deploying available resources to greatest effect to ensure that it remains adaptive, relevant & resilient in a changing internal & external environment.
C66: No | D66: Partially | E66: Yes | F66: Don’t know | G66: Not relevant | H66: Action (This column is optional)
B67: Plans and Procedures
B68: Does the service have an regular forward plan (e.g. annual)?
B70: Procedures
B71: Are all the service's activities underpinned by the content of the forward plan?
B72: Is the forward plan regularly reviewed?
B73: Operational TOAL (Policies + Plans + Procedures) | C73: =COUNTIF('Form - Archive Organisation'!C67:C72,"x") -> 0 | D73: =COUNTIF('Form - Archive Organisation'!D67:D72,"x") -> 0 | E73: =COUNTIF('Form - Archive Organisation'!E67:E72,"x") -> 0 | F73: =COUNTIF('Form - Archive Organisation'!F67:F72,"x") -> 0 | G73: =COUNTIF('Form - Archive Organisation'!G67:G72,"x") -> 0
B75: Current Status and Engagement
B76: Is the forward plan realistic?
B77: Is the forward plan actively used?
B78: Does the forward plan develop the service?
B80: Current engagement
B81: Do staff involved in the management of the service understand how to undertake forward planning?
B82: Do all staff understand & follow the forward plan as it relates to their own responsibilities?
B83: Is the forward plan effectively communicated to all relevant stakeholders?
B84: Current Resilience TOTAL (Current status + current engagement) | C84: =COUNTIF('Form - Archive Organisation'!C75:C83,"x") -> 0 | D84: =COUNTIF('Form - Archive Organisation'!D75:D83,"x") -> 0 | E84: =COUNTIF('Form - Archive Organisation'!E75:E83,"x") -> 0 | F84: =COUNTIF('Form - Archive Organisation'!F75:F83,"x") -> 0 | G84: =COUNTIF('Form - Archive Organisation'!G75:G83,"x") -> 0
B86: Future Resilience Forecast
B87: Is there realistic forward planning for major threats that could emerge?
B88: Will the service have the capacity & skills to undertake meaningful forward planning?
B89: Will the service have sufficient input into any forward planning that concerns its activities?
B90: Future Resilience TOTAL | C90: =COUNTIF('Form - Archive Organisation'!C86:C89,"x") -> 0 | D90: =COUNTIF('Form - Archive Organisation'!D86:D89,"x") -> 0 | E90: =COUNTIF('Form - Archive Organisation'!E86:E89,"x") -> 0 | F90: =COUNTIF('Form - Archive Organisation'!F86:F89,"x") -> 0 | G90: =COUNTIF('Form - Archive Organisation'!G86:G89,"x") -> 0
B92: 4. Resources: Accommodation
B93: Accreditation Requirement 1.4: Formal written terms of occupancy exist for buildings & storage housing archives & archive services, both analogue & digital. Arrangements are sufficient to keep the collections physically secure & accessible. Arrangements also allow for effective planning for the future.
B94: Accreditation Outcome: The archive collections & services are responsibly housed. Risks associated with the accommodation of archive services are recognised & actively managed through the appropriate planning processes, ensuring the long-term preservation of the collections.
C95: No | D95: Partially | E95: Yes | F95: Don’t know | G95: Not relevant | H95: Action (This column is optional)
B96: Policies, Plans and Procedures
B97: Are building occupancy terms written down & suitably authorised?
B98: Is there a written agreement for the storage of digital material?
B100: Plans
B101: Are there plans for developing additional building storage space where required?
B102: Are there plans for the development of suitable digital storage?
B104: Procedures
B105: Is all physical storage appropriately monitored & managed?
B106: Is all digital storage regularly checked for its suitability?
B107: Operational TOTAL (Policies + Plans + Procedures) | C107: =COUNTIF('Form - Archive Organisation'!C96:C106,"x") -> 0 | D107: =COUNTIF('Form - Archive Organisation'!D96:D106,"x") -> 0 | E107: =COUNTIF('Form - Archive Organisation'!E96:E106,"x") -> 0 | F107: =COUNTIF('Form - Archive Organisation'!F96:F106,"x") -> 0 | G107: =COUNTIF('Form - Archive Organisation'!G96:G106,"x") -> 0
B109: Current Status and Engagement
B110: Are physical collections stored in such a manner as to comply with professional standards & good practice?
B111: Is there more than five years' expansion space?
B112: Are digital collections stored in such a manner as to comply with professional standards & good practice?
B113: Are there sufficient & suitable spaces to conduct effective collections management?
B114: Are there sufficient & suitable spaces to provide effective collections access?
B116: Current engagement
B117: Do landlords appreciate the needs of the archive collections & service?
B118: Are staff able to undertake their work effectively within the spaces provided?
B119: Current Resilience TOTAL (Current status + current engagement) | C119: =COUNTIF('Form - Archive Organisation'!C109:C118,"x") -> 0 | D119: =COUNTIF('Form - Archive Organisation'!D109:D118,"x") -> 0 | E119: =COUNTIF('Form - Archive Organisation'!E109:E118,"x") -> 0 | F119: =COUNTIF('Form - Archive Organisation'!F109:F118,"x") -> 0 | G119: =COUNTIF('Form - Archive Organisation'!G109:G118,"x") -> 0
B121: Future resilience forecast
B122: Is the accommodation fit for the future development of the service?
B123: Does the service have effective plans in place for its future accommodation needs?
B124: Will there be sufficient capacity & knowledge within the staff to manage the accommodation to professional standards?
B125: Future Resilience TOTAL | C125: =COUNTIF('Form - Archive Organisation'!C121:C124,"x") -> 0 | D125: =COUNTIF('Form - Archive Organisation'!D121:D124,"x") -> 0 | E125: =COUNTIF('Form - Archive Organisation'!E121:E124,"x") -> 0 | F125: =COUNTIF('Form - Archive Organisation'!F121:F124,"x") -> 0 | G125: =COUNTIF('Form - Archive Organisation'!G121:G124,"x") -> 0
B127: 5. Resources: Finance
B128: Accreditation Requirement 1.5: The archive service can demonstrate that it is financially stable. Sufficient funds have been identified to enable the archive service to deliver its stated forward plans.
B129: Accreditation Outcome: Archive service managers have appropriate input to relevant budget setting & management processes & are able to plan to service improvements on a long-term basis, ensuring the optimum use of available resources.
...

Sheet Form - Archive Collections
B2: For each question you wish to answer please put an 'x' in the box that is most relevant. No question is mandatory
B4: Collections
B6: 1. Collections development
B7: Accreditation Requirement 2.2: The archive service has a co-ordinated approach to collections development activity, guided by coherent policies, plans & procedures. The approach should cover both analogue & digital materials, where relevant, & be approved by top management, or an appropriate delegated authority.
B8: Accreditation Outcome: The collections development activities (acquisition, appraisal & deaccessioning) of the archive service are holistically connected & clearly linked to the organisation’s mission statement. Integrated policy approaches mitigate duplication of effort & maximise the use of available resources.
C9: No | D9: Partially | E9: Yes | F9: Don’t know | G9: Not relevant | H9: Action (optional)
B10: Policies, Plans and Procedures
B11: Is there a written collecting policy?
B12: If so has the collections development policy been revised in the last 5 years?
B13: Do collection development policies include digital material?
B14: Are policies signed off by senior officers?
B15: Do policies clearly link through to the Service's Vision & Mission?
B17: Plans
B18: Is there a written workplan for implementing collections development?
B19: Is there a written strategy & workplan for engaging new depositors?
B21: Procedures
B22: Is the service able to collect digital material?
B23: Are collections development activities integrated to create a smooth collecting process?
... B26: Is legal & copyright ownership clearly identified & documented for all collections?
B27: Operational TOTAL (Policies + Plans + Procedures) | C27: =COUNTIF(C10:C26,"x") -> 0 | D27: =COUNTIF(D10:D26,"x") -> 0 | E27: =COUNTIF(E10:E26,"x") -> 0 | F27: =COUNTIF(F10:F26,"x") -> 0 | G27: =COUNTIF(G10:G26,"x") -> 0
B29: Current Status and Engagement
B30: Does the service actively seek to identify & fill gaps in its collections?
B31: If the archive is part of a shared service do the collections development strategies & work give sufficient focus to archive collections?
B32: Is there sufficient accrual space to store new collections?
B33: Are there sufficient staff skills to implement collections development?
B34: Have the existing holdings been sufficiently appraised?
B36: Current engagement
B37: Are relevant stakeholders engaged e.g. records manager, private depositors, senior managers, other archive services?
B38: Is collections development regularly reported on to relevant stakeholders e.g. trustees, senior mangers?
B39: Current Resilience TOTAL (Current status + current engagement) | C39: =COUNTIF(C29:C38,"x") -> 0 | D39: =COUNTIF(D29:D38,"x") -> 0 | E39: =COUNTIF(E29:E38,"x") -> 0 | F39: =COUNTIF(F29:F38,"x") -> 0 | G39: =COUNTIF(G29:G38,"x") -> 0
B41: Future Resilience forecast
B42: Will the service have sufficient accommodation to develop its collections?
B43: Will the service have suitable stakeholder relationships to develop its collections?
B44: Will the service have the necessary digital infrastructure to develop its collections?
B45: Will the service have the required funding to develop its collections?
B46: Will the service have sufficient & appropriate skills to develop its collections?
B47: Future Resilience TOTAL | C47: =COUNTIF(C41:C46,"x") -> 0 | D47: =COUNTIF(D41:D46,"x") -> 0 | E47: =COUNTIF(E41:E46,"x") -> 0 | F47: =COUNTIF(F41:F46,"x") -> 0 | G47: =COUNTIF(G41:G46,"x") -> 0
B50: 2. Collections Information
B51: Accreditation Requirement: 2.3: The archive service has a co-ordinated & documented approach to collections information activity, guided by coherent policies, plans & procedures. This approach should cover both analogue & digital materials, where relevant, & be approved by top management, or an appropriate delegated authority.
B52: Accreditation Outcome: The collections information activities (accessioning, cataloguing & legacy issues) of the archive service are holistically connected & clearly linked to the organisation’s mission statement. Integrated policy approaches mitigate duplication of effort & maximise the use of available resources.
C53: No | D53: Partially | E53: Yes | F53: Don’t know | G53: Not relevant | H53: Action (optional)
B54: Policies, Plans and Procedures
B55: Is there a written collections information policy & has it been revised in the last five years?
B56: Has the collections information policy been reviewed in the last five years?
B57: Does the collections information policy clearly link through to the service's Vision & Mission?
B59: Plans
B60: Is there a written strategy & workplan for reducing cataloguing backlogs?
B61: Is collections information creation monitored to create a clear & up-to-date current status report on cataloguing backlogs?
B63: Procedures
B64: Are professional standards applied to creating collections information & are they the most suitable standards for the nature of the material chosen?
B65: Are there clear guidelines on creating collections information?
B66: Is an electronic cataloguing system used?
B67: Is collections information created in line with current professional standards?
... B69: Are all relevant staff & volunteers trained in cataloguing techniques?
B70: Operational TOTAL (Policies + Plans + Procedures) | C70: =COUNTIF(C53:C69,"x") -> 0 | D70: =COUNTIF(D53:D69,"x") -> 0 | E70: =COUNTIF(E53:E69,"x") -> 0 | F70: =COUNTIF(F53:F69,"x") -> 0 | G70: =COUNTIF(G53:G69,"x") -> 0
B72: Current Status and Engagement
B73: Is the cataloguing backlog quantified?
B74: Is the cataloguing backlog (includes uncatalogued, partially catalogued & cataloguing that does not meet modern standards) at a reasonably low level?
B75: Have all paper finding aids that need converting to digital versions been converted?
B76: Is digital collections information available online?
B77: Is collections information presented in a variety of methods e.g. catalogues, subject guides, exhibition notes?
B78: Does collections information cover both digital & analogue collections?
B79: Is the service able to share metadata with external organisations?
B80: Does the content of collections information meet user needs?
B81: Does the presentation of collections information meet user needs?
B82: Are those who create collections information sufficiently skilled to create high quality information?
B83: Is there an up-to-date locations list?
... B91: Are relevant stakeholders engaged in developing collections information e.g. depositors, curatorial staff, volunteers, IT department?
B92: Current Resilience TOTAL (Current status + current engagement) | C92: =COUNTIF(C72:C91,"x") -> 0 | D92: =COUNTIF(D72:D91,"x") -> 0 | E92: =COUNTIF(E72:E91,"x") -> 0 | F92: =COUNTIF(F72:F91,"x") -> 0 | G92: =COUNTIF(G72:G91,"x") -> 0
B94: Future Resilience Forecast
B95: Will the service have the staff capacity to continue to develop collections information on a reasonable scale?
B96: Will the service be able to make a serious impact on documentation backlogs where they exist?
B97: Will the service have the capacity to provide training to staff to ensure professional collections information practice?
B98: Will the service have the have access to sufficient & appropriate infrastructure to create & manage collections information (e.g. IT systems, software, accommodation)?
B99: Future Resilience TOTAL | C99: =COUNTIF(C93:C98,"x") -> 0 | D99: =COUNTIF(D93:D98,"x") -> 0 | E99: =COUNTIF(E93:E98,"x") -> 0 | F99: =COUNTIF(F93:F98,"x") -> 0 | G99: =COUNTIF(G93:G98,"x") -> 0
B103: 3. Collections care & information
B104: Accreditation requirement 2.4: The archive service has a co-ordinated & documented approach to collections care & conservation activity, guided by coherent policies, plans & procedures. This approach should cover both analogue & digital materials, where relevant, & be approved by top management, or an appropriate delegated authority.
B105: Accreditation Outcome: The collections care & conservation activities (building management & remedial & preventive conservation) of the archive service are holistically connected & clearly linked to the organisation’s mission statement. Integrated policy approaches mitigate duplication of effort & maximise the use of available resources.
C106: No | D106: Partially | E106: Yes | F106: Don’t know | G106: Not relevant | H106: Action (optional)
B107: Policies, Plans and Procedures
B108: Is there a written conservation strategy?
B109: Does the conservation strategy reflect the Vision & Mission of the Service?
B111: Plans
B112: Are the conservation needs of the collections clearly defined?
B113: Has there been a thorough risk assessment of threats to the collections in the last five years?
B114: Is there a written programme of conservation work?
B115: Is there a disaster management plan?
B117: Procedures
B118: Is a coherent digital preservation programme in place?
B119: Is interventive conservation work on individual collections adequately recorded & available to stakeholders?
B120: Are non-conservation staff appropriately trained in basic conservation skills?
... B122: Is all significant conservation work adequately recorded as part of the collection’s management records?
B123: Operational TOTAL (Policies + Plans + Procedures) | C123: =COUNTIF(C107:C122,"x") -> 0 | D123: =COUNTIF(D107:D122,"x") -> 0 | E123: =COUNTIF(E107:E122,"x") -> 0 | F123: =COUNTIF(F107:F122,"x") -> 0 | G123: =COUNTIF(G107:G122,"x") -> 0
B125: Current Status and Engagement
B126: Are the conservation needs of the collections known?
B127: Is risk actively managed?
B128: Are material threats to the collections minimised?
B129: Does storage meet EN16893?
B130: Is there access to professional conservation advice?
B131: Is the availability of professional conservation advice sufficient for the long-term welfare of the collections?
...

Sheet Form - Archive Stakeholders
B2: For each question you wish to answer please put an 'x' in the box that is most relevant. No question is mandatory
B4: Stakeholders
B6: 1. Access policies
B7: Accreditation Requirement 3.1: The archive service has a clear policy on access & current engagement, which specifies the ways in which access is provided & enhanced for all stakeholders, appropriate to the organisation's mission statement & the nature & scale of its collections. The policy should be approved by top management, or an appropriate delegated authority.
B8: Accreditation Outcome: The archive service is guided by an agreed policy & access, which communicates clearly the rights of access to the collection, optimising its use. The policy forms part of an integrated collections management framework enabling effective planning & best application of available resources.
C9: No | D9: Partially | E9: Yes | F9: Don’t know | G9: Not relevant | H9: Action (optional)
B10: Policies
B11: Does the service have an access & current engagement policy?
B12: Operational TOTAL | C12: =COUNTIF(C10:C11,"x") -> 0 | D12: =COUNTIF(D10:D11,"x") -> 0 | E12: =COUNTIF(E10:E11,"x") -> 0 | F12: =COUNTIF(F10:F11,"x") -> 0 | G12: =COUNTIF(G10:G11,"x") -> 0
B14: Current Status and Engagement
B15: Is access a top priority for the service?
B17: Current engagement
B18: Does the governing body support providing access to collections?
B19: Current resilience TOTAL (Current status + current engagement) | C19: =COUNTIF(C13:C18,"x") -> 0 | D19: =COUNTIF(D13:D18,"x") -> 0 | E19: =COUNTIF(E13:E18,"x") -> 0 | F19: =COUNTIF(F13:F18,"x") -> 0 | G19: =COUNTIF(G13:G18,"x") -> 0
B21: Future resilience forecast
B22: Will access be a priority for the service?
B23: Future Resilience TOTAL | C23: =COUNTIF(C21:C22,"x") -> 0 | D23: =COUNTIF(D21:D22,"x") -> 0 | E23: =COUNTIF(E21:E22,"x") -> 0 | F23: =COUNTIF(F21:F22,"x") -> 0 | G23: =COUNTIF(G21:G22,"x") -> 0
B25: 2. Access plans & planning
B26: Accreditation Requirement 3.2: The archive service demonstrates a good understanding of the needs & interests of the community it is established to serve. It has plans in place which detail the actions that are being taken to meet stakeholders' access requirements & to continuously improve service provision. Plans are appropriate to the organisation's mission statement & the nature & scale of is collections.
B27: Accreditation Outcome: The service has a planned, customer focused approach to improving access & current engagement for its community that enables it to respond continuously to the needs & interests of all stakeholders.
C29: No | D29: Partially | E29: Yes | F29: Don’t know | G29: Not relevant | H29: Action (optional)
B30: Plans
B31: Does the service adequately survey & analyse the needs of current & potential users?
B32: Does the service have plans for managing & developing access?
B33: Is the service constantly looking for new ways to provide access?
B34: Operational TOTAL | C34: =COUNTIF(C30:C33,"x") -> 0 | D34: =COUNTIF(D30:D33,"x") -> 0 | E34: =COUNTIF(E30:E33,"x") -> 0 | F34: =COUNTIF(F30:F33,"x") -> 0 | G34: =COUNTIF(G30:G33,"x") -> 0
B36: Current Status and Engagement
B37: Does the service have the capacity & skills to identify & analyse stakeholders for access planning?
B38: Does the service have sufficient staff & access to skills to provide a suitable level of access?
B39: Does the service have sufficient spaces (physical & digital) to accommodate a suitable level of access?
B40: Does the service have sufficient equipment to provide access?
B42: Current engagement
B43: Do all stakeholders who could reasonably expect access to the archives have the opportunity of access?
B44: Current Resilience TOTAL | C44: =COUNTIF(C35:C43,"x") -> 0 | D44: =COUNTIF(D35:D43,"x") -> 0 | E44: =COUNTIF(E35:E43,"x") -> 0 | F44: =COUNTIF(F35:F43,"x") -> 0 | G44: =COUNTIF(G35:G43,"x") -> 0
B46: Future Resilience Forecast
B47: Does the service expect to maintain its current level of access?
B48: Will the service be able to extend the access it provides?
B49: Will the service have the capacity to actively diversify audiences?
B50: Future Resilience TOTAL | C50: =COUNTIF(C46:C49,"x") -> 0 | D50: =COUNTIF(D46:D49,"x") -> 0 | E50: =COUNTIF(E46:E49,"x") -> 0 | F50: =COUNTIF(F46:F49,"x") -> 0 | G50: =COUNTIF(G46:G49,"x") -> 0
B52: 3. Access information, procedures & activities
B53: Accreditation Requirement 3.3: The archive service provides access to its holdings & has a variety of methods to access & engage with the collections. It communicates clear, practical information on how to access services & collections, which responds to the needs & interests of its community & protects the rights of copyright owners & data subjects.
B54: Accreditation Outcome: The archive service provides good access to these collections for its whole community. Users & potential users are able to locate the archive service easily & are supported to access & engage with collections efficiently & with confidence, responsibility & care.
C55: No | D55: Partially | E55: Yes | F55: Don’t know | G55: Not relevant | H55: Action (optional)
B56: Procedures
B57: Is guidance on how to access collections readily available & meaningful to target audiences?
B58: Is there a reasonable range of ways of physically accessing collections?
B59: Is there a reasonable range of ways of digitally accessing collections?
B60: Operational TOTAL | C60: =COUNTIF(C56:C59,"x") -> 0 | D60: =COUNTIF(D56:D59,"x") -> 0 | E60: =COUNTIF(E56:E59,"x") -> 0 | F60: =COUNTIF(F56:F59,"x") -> 0 | G60: =COUNTIF(G56:G59,"x") -> 0
B62: Current Status and Engagement | J62: x
B63: Has the service sufficient profile to be easily discovered by potential users?
B64: Is the service providing a level of access which is commensurate with the scale & purpose of the service?
B65: Are a reasonable range of user types accessing the service?
B66: Does the service adequately manage risks with regards to limits of access e.g. Data Protection, copyright?
B67: Does the current user base support the long-term sustainability & relevance of the service?
B68: Is the digital infrastructure, capacity & content of the service sufficient for efficient collection discovery?
B70: Current engagement
B71: Do key user groups value the archive service?
B72: Do stakeholders contribute to the development of the service?
B73: Are the users of the service valued by the governing body?
B74: Current Resilience Total (Current status + current engagement) | C74: =COUNTIF(C62:C73,"x") -> 0 | D74: =COUNTIF(D62:D73,"x") -> 0 | E74: =COUNTIF(E62:E73,"x") -> 0 | F74: =COUNTIF(F62:F73,"x") -> 0 | G74: =COUNTIF(G62:G73,"x") -> 0
B76: Future Resilience Forecast
B77: Will the service be able to maintain the current range of access methods?
B78: Will the service be able to develop the range of access methods?
B79: Will the service be able to exploit opportunities offered by digital technologies?
B80: Future Resilience TOTAL | C80: =COUNTIF(C76:C79,"x") -> 0 | D80: =COUNTIF(D76:D79,"x") -> 0 | E80: =COUNTIF(E76:E79,"x") -> 0 | F80: =COUNTIF(F76:F79,"x") -> 0 | G80: =COUNTIF(G76:G79,"x") -> 0

Sheet Summary scores
B2: Operational profile | I2: Current Resilience profile | P2: Future resilience profile | W2: Current vs. future resilience
B4: Operational: absolute scores | I4: Current resilience: absolute scores | P4: Future resilience: absolute scores | W4: Current vs future resilience: absolute scores | AC4: Current vs future resilience: % scores
C5: Not present | D5: Partially present | E5: Present | F5: Don’t know | G5: Total | J5: Vulnerable | K5: Of concern | L5: Resilient | M5: Don't know | Q5: Vulnerable | R5: Of concern | S5: Resilient | T5: Don't know | X5: Vulnerable | Y5: Of concern | Z5: Resilient | AA5: Don't know | AD5: Vulnerable | AE5: Of concern | AF5: Resilient | AG5: Don't know
B6: Total | C6: =SUM(C7:C23) -> 0 | D6: =SUM(D7:D23) -> 0 | E6: =SUM(E7:E23) -> 0 | F6: =SUM(F7:F23) -> 0 | I6: Total | J6: =SUM(J7:J23) -> 0 | K6: =SUM(K7:K23) -> 0 | L6: =SUM(L7:L23) -> 0 | M6: =SUM(M7:M23) -> 0 | P6: Total | Q6: =SUM(Q7:Q23) -> 0 | R6: =SUM(R7:R23) -> 0 | S6: =SUM(S7:S23) -> 0 | T6: =SUM(T7:T23) -> 0 | W6: Total current | X6: =J6 -> 0 | Y6: =K6 -> 0 | Z6: =L6 -> 0 | AA6: =M6 -> 0 | AC6: Mission statement current | AD6: =IFERROR(X8/SUM($X8:$AA8),0)*100 -> 0 | AE6: =IFERROR(Y8/SUM($X8:$AA8),0)*100 -> 0 | AF6: =IFERROR(Z8/SUM($X8:$AA8),0)*100 -> 0 | AG6: =IFERROR(AA8/SUM($X8:$AA8),0)*100 -> 0
B7: Mission statement | C7: ='Form - Archive Organisation'!C20 -> 0 | D7: ='Form - Archive Organisation'!D20 -> 0 | E7: ='Form - Archive Organisation'!E20 -> 0 | F7: ='Form - Archive Organisation'!F20 -> 0 | G7: =SUM(C7:F7) -> 0 | I7: Mission statement | J7: ='Form - Archive Organisation'!C29 -> 0 | K7: ='Form - Archive Organisation'!D29 -> 0 | L7: ='Form - Archive Organisation'!E29 -> 0 | M7: ='Form - Archive Organisation'!F29 -> 0 | P7: Mission statement | Q7: ='Form - Archive Organisation'!C35 -> 0 | R7: ='Form - Archive Organisation'!D35 -> 0 | S7: ='Form - Archive Organisation'!E35 -> 0 | T7: ='Form - Archive Organisation'!F35 -> 0 | W7: Total future | X7: =Q6 -> 0 | Y7: =R6 -> 0 | Z7: =S6 -> 0 | AA7: =T6 -> 0 | AC7: Mission statement future | AD7: =IFERROR(X9/SUM($X9:$AA9),0)*100 -> 0 | AE7: =IFERROR(Y9/SUM($X9:$AA9),0)*100 -> 0 | AF7: =IFERROR(Z9/SUM($X9:$AA9),0)*100 -> 0 | AG7: =IFERROR(AA9/SUM($X9:$AA9),0)*100 -> 0
B8: Governance & management | C8: ='Form - Archive Organisation'!C44 -> 0 | D8: ='Form - Archive Organisation'!D44 -> 0 | E8: ='Form - Archive Organisation'!E44 -> 0 | F8: ='Form - Archive Organisation'!F44 -> 0 | G8: =SUM(C8:F8) -> 0 | I8: Governance & management | J8: ='Form - Archive Organisation'!C54 -> 0 | K8: ='Form - Archive Organisation'!D54 -> 0 | L8: ='Form - Archive Organisation'!E54 -> 0 | M8: ='Form - Archive Organisation'!F54 -> 0 | P8: Governance & management | Q8: ='Form - Archive Organisation'!C60 -> 0 | R8: ='Form - Archive Organisation'!D60 -> 0 | S8: ='Form - Archive Organisation'!E60 -> 0 | T8: ='Form - Archive Organisation'!F60 -> 0 | W8: Mission statement current | X8: =J7 -> 0 | Y8: =K7 -> 0 | Z8: =L7 -> 0 | AA8: =M7 -> 0 | AC8: Governance & management current | AD8: =IFERROR(X10/SUM($X10:$AA10),0)*100 -> 0 | AE8: =IFERROR(Y10/SUM($X10:$AA10),0)*100 -> 0 | AF8: =IFERROR(Z10/SUM($X10:$AA10),0)*100 -> 0 | AG8: =IFERROR(AA10/SUM($X10:$AA10),0)*100 -> 0
B9: Forward planning | C9: ='Form - Archive Organisation'!C73 -> 0 | D9: ='Form - Archive Organisation'!D73 -> 0 | E9: ='Form - Archive Organisation'!E73 -> 0 | F9: ='Form - Archive Organisation'!F73 -> 0 | G9: =SUM(C9:F9) -> 0 | I9: Forward planning | J9: ='Form - Archive Organisation'!C84 -> 0 | K9: ='Form - Archive Organisation'!D84 -> 0 | L9: ='Form - Archive Organisation'!E84 -> 0 | M9: ='Form - Archive Organisation'!F84 -> 0 | P9: Forward planning | Q9: ='Form - Archive Organisation'!C90 -> 0 | R9: ='Form - Archive Organisation'!D90 -> 0 | S9: ='Form - Archive Organisation'!E90 -> 0 | T9: ='Form - Archive Organisation'!F90 -> 0 | W9: Mission statement future | X9: =Q7 -> 0 | Y9: =R7 -> 0 | Z9: =S7 -> 0 | AA9: =T7 -> 0 | AC9: Governance & management future | AD9: =IFERROR(X11/SUM($X11:$AA11),0)*100 -> 0 | AE9: =IFERROR(Y11/SUM($X11:$AA11),0)*100 -> 0 | AF9: =IFERROR(Z11/SUM($X11:$AA11),0)*100 -> 0 | AG9: =IFERROR(AA11/SUM($X11:$AA11),0)*100 -> 0
B10: Resources: Accommodation | C10: ='Form - Archive Organisation'!C107 -> 0 | D10: ='Form - Archive Organisation'!D107 -> 0 | E10: ='Form - Archive Organisation'!E107 -> 0 | F10: ='Form - Archive Organisation'!F107 -> 0 | G10: =SUM(C10:F10) -> 0 | I10: Resources: Accommodation | J10: ='Form - Archive Organisation'!C119 -> 0 | K10: ='Form - Archive Organisation'!D119 -> 0 | L10: ='Form - Archive Organisation'!E119 -> 0 | M10: ='Form - Archive Organisation'!F119 -> 0 | P10: Resources: Accommodation | Q10: ='Form - Archive Organisation'!C125 -> 0 | R10: ='Form - Archive Organisation'!D125 -> 0 | S10: ='Form - Archive Organisation'!E125 -> 0 | T10: ='Form - Archive Organisation'!F125 -> 0 | W10: Governance & management current | X10: =J8 -> 0 | Y10: =K8 -> 0 | Z10: =L8 -> 0 | AA10: =M8 -> 0 | AC10: Forward planning current | AD10: =IFERROR(X12/SUM($X12:$AA12),0)*100 -> 0 | AE10: =IFERROR(Y12/SUM($X12:$AA12),0)*100 -> 0 | AF10: =IFERROR(Z12/SUM($X12:$AA12),0)*100 -> 0 | AG10: =IFERROR(AA12/SUM($X12:$AA12),0)*100 -> 0
B11: Resources: Finance | C11: ='Form - Archive Organisation'!C137 -> 0 | D11: ='Form - Archive Organisation'!D137 -> 0 | E11: ='Form - Archive Organisation'!E137 -> 0 | F11: ='Form - Archive Organisation'!F137 -> 0 | G11: =SUM(C11:F11) -> 0 | I11: Resources: Finance | J11: ='Form - Archive Organisation'!C150 -> 0 | K11: ='Form - Archive Organisation'!D150 -> 0 | L11: ='Form - Archive Organisation'!E150 -> 0 | M11: ='Form - Archive Organisation'!F150 -> 0 | P11: Resources: Finance | Q11: ='Form - Archive Organisation'!C158 -> 0 | R11: ='Form - Archive Organisation'!D158 -> 0 | S11: ='Form - Archive Organisation'!E158 -> 0 | T11: ='Form - Archive Organisation'!F158 -> 0 | W11: Governance & management future | X11: =Q8 -> 0 | Y11: =R8 -> 0 | Z11: =S8 -> 0 | AA11: =T8 -> 0 | AC11: Forward planning future | AD11: =IFERROR(X13/SUM($X13:$AA13),0)*100 -> 0 | AE11: =IFERROR(Y13/SUM($X13:$AA13),0)*100 -> 0 | AF11: =IFERROR(Z13/SUM($X13:$AA13),0)*100 -> 0 | AG11: =IFERROR(AA13/SUM($X13:$AA13),0)*100 -> 0
B12: Resources: Workforce | C12: ='Form - Archive Organisation'!C177 -> 0 | D12: ='Form - Archive Organisation'!D177 -> 0 | E12: ='Form - Archive Organisation'!E177 -> 0 | F12: ='Form - Archive Organisation'!F177 -> 0 | G12: =SUM(C12:F12) -> 0 | I12: Resources: Workforce | J12: ='Form - Archive Organisation'!C191 -> 0 | K12: ='Form - Archive Organisation'!D191 -> 0 | L12: ='Form - Archive Organisation'!E191 -> 0 | M12: ='Form - Archive Organisation'!F191 -> 0 | P12: Resources: Workforce | Q12: ='Form - Archive Organisation'!C197 -> 0 | R12: ='Form - Archive Organisation'!D197 -> 0 | S12: ='Form - Archive Organisation'!E197 -> 0 | T12: ='Form - Archive Organisation'!F197 -> 0 | W12: Forward planning current | X12: =J9 -> 0 | Y12: =K9 -> 0 | Z12: =L9 -> 0 | AA12: =M9 -> 0 | AC12: Resources: Accommodation current | AD12: =IFERROR(X14/SUM($X14:$AA14),0)*100 -> 0 | AE12: =IFERROR(Y14/SUM($X14:$AA14),0)*100 -> 0 | AF12: =IFERROR(Z14/SUM($X14:$AA14),0)*100 -> 0 | AG12: =IFERROR(AA14/SUM($X14:$AA14),0)*100 -> 0
B13: Collections development | C13: ='Form - Archive Collections'!C27 -> 0 | D13: ='Form - Archive Collections'!D27 -> 0 | E13: ='Form - Archive Collections'!E27 -> 0 | F13: ='Form - Archive Collections'!F27 -> 0 | G13: =SUM(C13:F13) -> 0 | I13: Collections development | J13: ='Form - Archive Collections'!C39 -> 0 | K13: ='Form - Archive Collections'!D39 -> 0 | L13: ='Form - Archive Collections'!E39 -> 0 | M13: ='Form - Archive Collections'!F39 -> 0 | P13: Collections development | Q13: ='Form - Archive Collections'!C47 -> 0 | R13: ='Form - Archive Collections'!D47 -> 0 | S13: ='Form - Archive Collections'!E47 -> 0 | T13: ='Form - Archive Collections'!F47 -> 0 | W13: Forward planning future | X13: =Q9 -> 0 | Y13: =R9 -> 0 | Z13: =S9 -> 0 | AA13: =T9 -> 0 | AC13: Resources: Accommodation future | AD13: =IFERROR(X15/SUM($X15:$AA15),0)*100 -> 0 | AE13: =IFERROR(Y15/SUM($X15:$AA15),0)*100 -> 0 | AF13: =IFERROR(Z15/SUM($X15:$AA15),0)*100 -> 0 | AG13: =IFERROR(AA15/SUM($X15:$AA15),0)*100 -> 0
B14: Collections information | C14: ='Form - Archive Collections'!C70 -> 0 | D14: ='Form - Archive Collections'!D70 -> 0 | E14: ='Form - Archive Collections'!E70 -> 0 | F14: ='Form - Archive Collections'!F70 -> 0 | G14: =SUM(C14:F14) -> 0 | I14: Collections information | J14: ='Form - Archive Collections'!C92 -> 0 | K14: ='Form - Archive Collections'!D92 -> 0 | L14: ='Form - Archive Collections'!E92 -> 0 | M14: ='Form - Archive Collections'!F92 -> 0 | P14: Collections information | Q14: ='Form - Archive Collections'!C99 -> 0 | R14: ='Form - Archive Collections'!D99 -> 0 | S14: ='Form - Archive Collections'!E99 -> 0 | T14: ='Form - Archive Collections'!F99 -> 0 | W14: Resources: Accommodation current | X14: =J10 -> 0 | Y14: =K10 -> 0 | Z14: =L10 -> 0 | AA14: =M10 -> 0 | AC14: Resources: Finance current | AD14: =IFERROR(X16/SUM($X16:$AA16),0)*100 -> 0 | AE14: =IFERROR(Y16/SUM($X16:$AA16),0)*100 -> 0 | AF14: =IFERROR(Z16/SUM($X16:$AA16),0)*100 -> 0 | AG14: =IFERROR(AA16/SUM($X16:$AA16),0)*100 -> 0
B15: Collections care | C15: ='Form - Archive Collections'!C123 -> 0 | D15: ='Form - Archive Collections'!D123 -> 0 | E15: ='Form - Archive Collections'!E123 -> 0 | F15: ='Form - Archive Collections'!F123 -> 0 | G15: =SUM(C15:F15) -> 0 | I15: Collections care | J15: ='Form - Archive Collections'!C136 -> 0 | K15: ='Form - Archive Collections'!D136 -> 0 | L15: ='Form - Archive Collections'!E136 -> 0 | M15: ='Form - Archive Collections'!F136 -> 0 | P15: Collections care & information | Q15: ='Form - Archive Collections'!C144 -> 0 | R15: ='Form - Archive Collections'!D144 -> 0 | S15: ='Form - Archive Collections'!E144 -> 0 | T15: ='Form - Archive Collections'!F144 -> 0 | W15: Resources: Accommodation future | X15: =Q10 -> 0 | Y15: =R10 -> 0 | Z15: =S10 -> 0 | AA15: =T10 -> 0 | AC15: Resources: Finance future | AD15: =IFERROR(X17/SUM($X17:$AA17),0)*100 -> 0 | AE15: =IFERROR(Y17/SUM($X17:$AA17),0)*100 -> 0 | AF15: =IFERROR(Z17/SUM($X17:$AA17),0)*100 -> 0 | AG15: =IFERROR(AA17/SUM($X17:$AA17),0)*100 -> 0
B16: Access policies | C16: ='Form - Archive Stakeholders'!C12 -> 0 | D16: ='Form - Archive Stakeholders'!D12 -> 0 | E16: ='Form - Archive Stakeholders'!E12 -> 0 | F16: ='Form - Archive Stakeholders'!F12 -> 0 | G16: =SUM(C16:F16) -> 0 | I16: Access policies | J16: ='Form - Archive Stakeholders'!C19 -> 0 | K16: ='Form - Archive Stakeholders'!D19 -> 0 | L16: ='Form - Archive Stakeholders'!E19 -> 0 | M16: ='Form - Archive Stakeholders'!F19 -> 0 | P16: Access policies | Q16: ='Form - Archive Stakeholders'!C23 -> 0 | R16: ='Form - Archive Stakeholders'!D23 -> 0 | S16: ='Form - Archive Stakeholders'!E23 -> 0 | T16: ='Form - Archive Stakeholders'!F23 -> 0 | W16: Resources: Finance current | X16: =J11 -> 0 | Y16: =K11 -> 0 | Z16: =L11 -> 0 | AA16: =M11 -> 0 | AC16: Resources: Workforce current | AD16: =IFERROR(X18/SUM($X18:$AA18),0)*100 -> 0 | AE16: =IFERROR(Y18/SUM($X18:$AA18),0)*100 -> 0 | AF16: =IFERROR(Z18/SUM($X18:$AA18),0)*100 -> 0 | AG16: =IFERROR(AA18/SUM($X18:$AA18),0)*100 -> 0
B17: Access plans & planning | C17: ='Form - Archive Stakeholders'!C34 -> 0 | D17: ='Form - Archive Stakeholders'!D34 -> 0 | E17: ='Form - Archive Stakeholders'!E34 -> 0 | F17: ='Form - Archive Stakeholders'!F34 -> 0 | G17: =SUM(C17:F17) -> 0 | I17: Access plans & planning | J17: ='Form - Archive Stakeholders'!C44 -> 0 | K17: ='Form - Archive Stakeholders'!D44 -> 0 | L17: ='Form - Archive Stakeholders'!E44 -> 0 | M17: ='Form - Archive Stakeholders'!F44 -> 0 | P17: Access plans & planning | Q17: ='Form - Archive Stakeholders'!C50 -> 0 | R17: ='Form - Archive Stakeholders'!D50 -> 0 | S17: ='Form - Archive Stakeholders'!E50 -> 0 | T17: ='Form - Archive Stakeholders'!F50 -> 0 | W17: Resources: Finance future | X17: =Q11 -> 0 | Y17: =R11 -> 0 | Z17: =S11 -> 0 | AA17: =T11 -> 0 | AC17: Resources: Workforce future | AD17: =IFERROR(X19/SUM($X19:$AA19),0)*100 -> 0 | AE17: =IFERROR(Y19/SUM($X19:$AA19),0)*100 -> 0 | AF17: =IFERROR(Z19/SUM($X19:$AA19),0)*100 -> 0 | AG17: =IFERROR(AA19/SUM($X19:$AA19),0)*100 -> 0
B18: Access information, procedures & activities | C18: ='Form - Archive Stakeholders'!C60 -> 0 | D18: ='Form - Archive Stakeholders'!D60 -> 0 | E18: ='Form - Archive Stakeholders'!E60 -> 0 | F18: ='Form - Archive Stakeholders'!F60 -> 0 | G18: =SUM(C18:F18) -> 0 | I18: Access information, procedures & activities | J18: ='Form - Archive Stakeholders'!C74 -> 0 | K18: ='Form - Archive Stakeholders'!D74 -> 0 | L18: ='Form - Archive Stakeholders'!E74 -> 0 | M18: ='Form - Archive Stakeholders'!F74 -> 0 | P18: Access information, procedures & activities | Q18: ='Form - Archive Stakeholders'!C80 -> 0 | R18: ='Form - Archive Stakeholders'!D80 -> 0 | S18: ='Form - Archive Stakeholders'!E80 -> 0 | T18: ='Form - Archive Stakeholders'!F80 -> 0 | W18: Resources: Workforce current | X18: =J12 -> 0 | Y18: =K12 -> 0 | Z18: =L12 -> 0 | AA18: =M12 -> 0 | AC18: Collections development current | AD18: =IFERROR(X20/SUM($X20:$AA20),0)*100 -> 0 | AE18: =IFERROR(Y20/SUM($X20:$AA20),0)*100 -> 0 | AF18: =IFERROR(Z20/SUM($X20:$AA20),0)*100 -> 0 | AG18: =IFERROR(AA20/SUM($X20:$AA20),0)*100 -> 0
W19: Resources: Workforce future | X19: =Q12 -> 0 | Y19: =R12 -> 0 | Z19: =S12 -> 0 | AA19: =T12 -> 0 | AC19: Collections development future | AD19: =IFERROR(X21/SUM($X21:$AA21),0)*100 -> 0 | AE19: =IFERROR(Y21/SUM($X21:$AA21),0)*100 -> 0 | AF19: =IFERROR(Z21/SUM($X21:$AA21),0)*100 -> 0 | AG19: =IFERROR(AA21/SUM($X21:$AA21),0)*100 -> 0
W20: Collections development current | X20: =J13 -> 0 | Y20: =K13 -> 0 | Z20: =L13 -> 0 | AA20: =M13 -> 0 | AC20: Collections information current | AD20: =IFERROR(X22/SUM($X22:$AA22),0)*100 -> 0 | AE20: =IFERROR(Y22/SUM($X22:$AA22),0)*100 -> 0 | AF20: =IFERROR(Z22/SUM($X22:$AA22),0)*100 -> 0 | AG20: =IFERROR(AA22/SUM($X22:$AA22),0)*100 -> 0
W21: Collections development future | X21: =Q13 -> 0 | Y21: =R13 -> 0 | Z21: =S13 -> 0 | AA21: =T13 -> 0 | AC21: Collections information future | AD21: =IFERROR(X23/SUM($X23:$AA23),0)*100 -> 0 | AE21: =IFERROR(Y23/SUM($X23:$AA23),0)*100 -> 0 | AF21: =IFERROR(Z23/SUM($X23:$AA23),0)*100 -> 0 | AG21: =IFERROR(AA23/SUM($X23:$AA23),0)*100 -> 0
W22: Collections information current | X22: =J14 -> 0 | Y22: =K14 -> 0 | Z22: =L14 -> 0 | AA22: =M14 -> 0 | AC22: Collections care current | AD22: =IFERROR(X24/SUM($X24:$AA24),0)*100 -> 0 | AE22: =IFERROR(Y24/SUM($X24:$AA24),0)*100 -> 0 | AF22: =IFERROR(Z24/SUM($X24:$AA24),0)*100 -> 0 | AG22: =IFERROR(AA24/SUM($X24:$AA24),0)*100 -> 0
W23: Collections information future | X23: =Q14 -> 0 | Y23: =R14 -> 0 | Z23: =S14 -> 0 | AA23: =T14 -> 0 | AC23: Collections care future | AD23: =IFERROR(X25/SUM($X25:$AA25),0)*100 -> 0 | AE23: =IFERROR(Y25/SUM($X25:$AA25),0)*100 -> 0 | AF23: =IFERROR(Z25/SUM($X25:$AA25),0)*100 -> 0 | AG23: =IFERROR(AA25/SUM($X25:$AA25),0)*100 -> 0
W24: Collections care current | X24: =J15 -> 0 | Y24: =K15 -> 0 | Z24: =L15 -> 0 | AA24: =M15 -> 0 | AC24: Access policies current | AD24: =IFERROR(X26/SUM($X26:$AA26),0)*100 -> 0 | AE24: =IFERROR(Y26/SUM($X26:$AA26),0)*100 -> 0 | AF24: =IFERROR(Z26/SUM($X26:$AA26),0)*100 -> 0 | AG24: =IFERROR(AA26/SUM($X26:$AA26),0)*100 -> 0
W25: Collections care future | X25: =Q15 -> 0 | Y25: =R15 -> 0 | Z25: =S15 -> 0 | AA25: =T15 -> 0 | AC25: Access policies future | AD25: =IFERROR(X27/SUM($X27:$AA27),0)*100 -> 0 | AE25: =IFERROR(Y27/SUM($X27:$AA27),0)*100 -> 0 | AF25: =IFERROR(Z27/SUM($X27:$AA27),0)*100 -> 0 | AG25: =IFERROR(AA27/SUM($X27:$AA27),0)*100 -> 0
B26: Operational: % scores | I26: Current resilience: % scores | P26: Future resilience % scoring | W26: Access policies current | X26: =J16 -> 0 | Y26: =K16 -> 0 | Z26: =L16 -> 0 | AA26: =M16 -> 0 | AC26: Access plans & planning current | AD26: =IFERROR(X28/SUM($X28:$AA28),0)*100 -> 0 | AE26: =IFERROR(Y28/SUM($X28:$AA28),0)*100 -> 0 | AF26: =IFERROR(Z28/SUM($X28:$AA28),0)*100 -> 0 | AG26: =IFERROR(AA28/SUM($X28:$AA28),0)*100 -> 0
C27: Not present | D27: Partially present | E27: Present | F27: Don’t know | G27: Total | J27: Vulnerable | K27: Of concern | L27: Resilient | M27: Don't know | N27: Total | Q27: Vulnerable | R27: Of concern | S27: Resilient | T27: Don't know | W27: Access policies future | X27: =Q16 -> 0 | Y27: =R16 -> 0 | Z27: =S16 -> 0 | AA27: =T16 -> 0 | AC27: Access plans & planning future | AD27: =IFERROR(X29/SUM($X29:$AA29),0)*100 -> 0 | AE27: =IFERROR(Y29/SUM($X29:$AA29),0)*100 -> 0 | AF27: =IFERROR(Z29/SUM($X29:$AA29),0)*100 -> 0 | AG27: =IFERROR(AA29/SUM($X29:$AA29),0)*100 -> 0
B28: Mission statement | C28: =IFERROR(C7/SUM($C7:$F7),0)*100 -> 0 | D28: =IFERROR(D7/SUM($C7:$F7),0)*100 -> 0 | E28: =IFERROR(E7/SUM($C7:$F7),0)*100 -> 0 | F28: =IFERROR(F7/SUM($C7:$F7),0)*100 -> 0 | G28: =SUM(C28:F28) -> 0 | I28: Mission statement | J28: =IFERROR(J7/SUM($J7:$M7),0)*100 -> 0 | K28: =IFERROR(K7/SUM($J7:$M7),0)*100 -> 0 | L28: =IFERROR(L7/SUM($J7:$M7),0)*100 -> 0 | M28: =IFERROR(M7/SUM($J7:$M7),0)*100 -> 0 | N28: =SUM(J28:M28) -> 0 | P28: Mission statement | Q28: =IFERROR(Q7/SUM($Q7:$T7),0)*100 -> 0 | R28: =IFERROR(R7/SUM($Q7:$T7),0)*100 -> 0 | S28: =IFERROR(S7/SUM($Q7:$T7),0)*100 -> 0 | T28: =IFERROR(T7/SUM($Q7:$T7),0)*100 -> 0 | W28: Access plans & planning current | X28: =J17 -> 0 | Y28: =K17 -> 0 | Z28: =L17 -> 0 | AA28: =M17 -> 0 | AC28: Access information, procedures & activities current | AD28: =IFERROR(X30/SUM($X30:$AA30),0)*100 -> 0 | AE28: =IFERROR(Y30/SUM($X30:$AA30),0)*100 -> 0 | AF28: =IFERROR(Z30/SUM($X30:$AA30),0)*100 -> 0 | AG28: =IFERROR(AA30/SUM($X30:$AA30),0)*100 -> 0
B29: Governance & management | C29: =IFERROR(C8/SUM($C8:$F8),0)*100 -> 0 | D29: =IFERROR(D8/SUM($C8:$F8),0)*100 -> 0 | E29: =IFERROR(E8/SUM($C8:$F8),0)*100 -> 0 | F29: =IFERROR(F8/SUM($C8:$F8),0)*100 -> 0 | G29: =SUM(C29:F29) -> 0 | I29: Governance & management | J29: =IFERROR(J8/SUM($J8:$M8),0)*100 -> 0 | K29: =IFERROR(K8/SUM($J8:$M8),0)*100 -> 0 | L29: =IFERROR(L8/SUM($J8:$M8),0)*100 -> 0 | M29: =IFERROR(M8/SUM($J8:$M8),0)*100 -> 0 | N29: =SUM(J29:M29) -> 0 | P29: Governance & management | Q29: =IFERROR(Q8/SUM($Q8:$T8),0)*100 -> 0 | R29: =IFERROR(R8/SUM($Q8:$T8),0)*100 -> 0 | S29: =IFERROR(S8/SUM($Q8:$T8),0)*100 -> 0 | T29: =IFERROR(T8/SUM($Q8:$T8),0)*100 -> 0 | W29: Access plans & planning future | X29: =Q17 -> 0 | Y29: =R17 -> 0 | Z29: =S17 -> 0 | AA29: =T17 -> 0 | AC29: Access information, procedures & activities future | AD29: =IFERROR(X31/SUM($X31:$AA31),0)*100 -> 0 | AE29: =IFERROR(Y31/SUM($X31:$AA31),0)*100 -> 0 | AF29: =IFERROR(Z31/SUM($X31:$AA31),0)*100 -> 0 | AG29: =IFERROR(AA31/SUM($X31:$AA31),0)*100 -> 0
B30: Forward planning | C30: =IFERROR(C9/SUM($C9:$F9),0)*100 -> 0 | D30: =IFERROR(D9/SUM($C9:$F9),0)*100 -> 0 | E30: =IFERROR(E9/SUM($C9:$F9),0)*100 -> 0 | F30: =IFERROR(F9/SUM($C9:$F9),0)*100 -> 0 | G30: =SUM(C30:F30) -> 0 | I30: Forward planning | J30: =IFERROR(J9/SUM($J9:$M9),0)*100 -> 0 | K30: =IFERROR(K9/SUM($J9:$M9),0)*100 -> 0 | L30: =IFERROR(L9/SUM($J9:$M9),0)*100 -> 0 | M30: =IFERROR(M9/SUM($J9:$M9),0)*100 -> 0 | N30: =SUM(J30:M30) -> 0 | P30: Forward planning | Q30: =IFERROR(Q9/SUM($Q9:$T9),0)*100 -> 0 | R30: =IFERROR(R9/SUM($Q9:$T9),0)*100 -> 0 | S30: =IFERROR(S9/SUM($Q9:$T9),0)*100 -> 0 | T30: =IFERROR(T9/SUM($Q9:$T9),0)*100 -> 0 | W30: Access information, procedures & activities current | X30: =J18 -> 0 | Y30: =K18 -> 0 | Z30: =L18 -> 0 | AA30: =M18 -> 0 | AD30: Vulnerable | AE30: Of concern | AF30: Resilient | AG30: Don't know
B31: Resources: Accommodation | C31: =IFERROR(C10/SUM($C10:$F10),0)*100 -> 0 | D31: =IFERROR(D10/SUM($C10:$F10),0)*100 -> 0 | E31: =IFERROR(E10/SUM($C10:$F10),0)*100 -> 0 | F31: =IFERROR(F10/SUM($C10:$F10),0)*100 -> 0 | G31: =SUM(C31:F31) -> 0 | I31: Resources: Accommodation | J31: =IFERROR(J10/SUM($J10:$M10),0)*100 -> 0 | K31: =IFERROR(K10/SUM($J10:$M10),0)*100 -> 0 | L31: =IFERROR(L10/SUM($J10:$M10),0)*100 -> 0 | M31: =IFERROR(M10/SUM($J10:$M10),0)*100 -> 0 | N31: =SUM(J31:M31) -> 0 | P31: Resources: Accommodation | Q31: =IFERROR(Q10/SUM($Q10:$T10),0)*100 -> 0 | R31: =IFERROR(R10/SUM($Q10:$T10),0)*100 -> 0 | S31: =IFERROR(S10/SUM($Q10:$T10),0)*100 -> 0 | T31: =IFERROR(T10/SUM($Q10:$T10),0)*100 -> 0 | W31: Access information, procedures & activities future | X31: =Q18 -> 0 | Y31: =R18 -> 0 | Z31: =S18 -> 0 | AA31: =T18 -> 0 | AC31: Total current | AD31: =IFERROR(X6/SUM($X6:$AA6),0)*100 -> 0 | AE31: =IFERROR(Y6/SUM($X6:$AA6),0)*100 -> 0 | AF31: =IFERROR(Z6/SUM($X6:$AA6),0)*100 -> 0 | AG31: =IFERROR(AA6/SUM($X6:$AA6),0)*100 -> 0
B32: Resources: Finance | C32: =IFERROR(C11/SUM($C11:$F11),0)*100 -> 0 | D32: =IFERROR(D11/SUM($C11:$F11),0)*100 -> 0 | E32: =IFERROR(E11/SUM($C11:$F11),0)*100 -> 0 | F32: =IFERROR(F11/SUM($C11:$F11),0)*100 -> 0 | G32: =SUM(C32:F32) -> 0 | I32: Resources: Finance | J32: =IFERROR(J11/SUM($J11:$M11),0)*100 -> 0 | K32: =IFERROR(K11/SUM($J11:$M11),0)*100 -> 0 | L32: =IFERROR(L11/SUM($J11:$M11),0)*100 -> 0 | M32: =IFERROR(M11/SUM($J11:$M11),0)*100 -> 0 | N32: =SUM(J32:M32) -> 0 | P32: Resources: Finance | Q32: =IFERROR(Q11/SUM($Q11:$T11),0)*100 -> 0 | R32: =IFERROR(R11/SUM($Q11:$T11),0)*100 -> 0 | S32: =IFERROR(S11/SUM($Q11:$T11),0)*100 -> 0 | T32: =IFERROR(T11/SUM($Q11:$T11),0)*100 -> 0 | AC32: Total future | AD32: =IFERROR(X7/SUM($X7:$AA7),0)*100 -> 0 | AE32: =IFERROR(Y7/SUM($X7:$AA7),0)*100 -> 0 | AF32: =IFERROR(Z7/SUM($X7:$AA7),0)*100 -> 0 | AG32: =IFERROR(AA7/SUM($X7:$AA7),0)*100 -> 0
B33: Resources: Workforce | C33: =IFERROR(C12/SUM($C12:$F12),0)*100 -> 0 | D33: =IFERROR(D12/SUM($C12:$F12),0)*100 -> 0 | E33: =IFERROR(E12/SUM($C12:$F12),0)*100 -> 0 | F33: =IFERROR(F12/SUM($C12:$F12),0)*100 -> 0 | G33: =SUM(C33:F33) -> 0 | I33: Resources: Workforce | J33: =IFERROR(J12/SUM($J12:$M12),0)*100 -> 0 | K33: =IFERROR(K12/SUM($J12:$M12),0)*100 -> 0 | L33: =IFERROR(L12/SUM($J12:$M12),0)*100 -> 0 | M33: =IFERROR(M12/SUM($J12:$M12),0)*100 -> 0 | N33: =SUM(J33:M33) -> 0 | P33: Resources: Workforce | Q33: =IFERROR(Q12/SUM($Q12:$T12),0)*100 -> 0 | R33: =IFERROR(R12/SUM($Q12:$T12),0)*100 -> 0 | S33: =IFERROR(S12/SUM($Q12:$T12),0)*100 -> 0 | T33: =IFERROR(T12/SUM($Q12:$T12),0)*100 -> 0
B34: Collections development | C34: =IFERROR(C13/SUM($C13:$F13),0)*100 -> 0 | D34: =IFERROR(D13/SUM($C13:$F13),0)*100 -> 0 | E34: =IFERROR(E13/SUM($C13:$F13),0)*100 -> 0 | F34: =IFERROR(F13/SUM($C13:$F13),0)*100 -> 0 | G34: =SUM(C34:F34) -> 0 | I34: Collections development | J34: =IFERROR(J13/SUM($J13:$M13),0)*100 -> 0 | K34: =IFERROR(K13/SUM($J13:$M13),0)*100 -> 0 | L34: =IFERROR(L13/SUM($J13:$M13),0)*100 -> 0 | M34: =IFERROR(M13/SUM($J13:$M13),0)*100 -> 0 | N34: =SUM(J34:M34) -> 0 | P34: Collections development | Q34: =IFERROR(Q13/SUM($Q13:$T13),0)*100 -> 0 | R34: =IFERROR(R13/SUM($Q13:$T13),0)*100 -> 0 | S34: =IFERROR(S13/SUM($Q13:$T13),0)*100 -> 0 | T34: =IFERROR(T13/SUM($Q13:$T13),0)*100 -> 0
B35: Collections information | C35: =IFERROR(C14/SUM($C14:$F14),0)*100 -> 0 | D35: =IFERROR(D14/SUM($C14:$F14),0)*100 -> 0 | E35: =IFERROR(E14/SUM($C14:$F14),0)*100 -> 0 | F35: =IFERROR(F14/SUM($C14:$F14),0)*100 -> 0 | G35: =SUM(C35:F35) -> 0 | I35: Collections information | J35: =IFERROR(J14/SUM($J14:$M14),0)*100 -> 0 | K35: =IFERROR(K14/SUM($J14:$M14),0)*100 -> 0 | L35: =IFERROR(L14/SUM($J14:$M14),0)*100 -> 0 | M35: =IFERROR(M14/SUM($J14:$M14),0)*100 -> 0 | N35: =SUM(J35:M35) -> 0 | P35: Collections information | Q35: =IFERROR(Q14/SUM($Q14:$T14),0)*100 -> 0 | R35: =IFERROR(R14/SUM($Q14:$T14),0)*100 -> 0 | S35: =IFERROR(S14/SUM($Q14:$T14),0)*100 -> 0 | T35: =IFERROR(T14/SUM($Q14:$T14),0)*100 -> 0
B36: Collections care | C36: =IFERROR(C15/SUM($C15:$F15),0)*100 -> 0 | D36: =IFERROR(D15/SUM($C15:$F15),0)*100 -> 0 | E36: =IFERROR(E15/SUM($C15:$F15),0)*100 -> 0 | F36: =IFERROR(F15/SUM($C15:$F15),0)*100 -> 0 | G36: =SUM(C36:F36) -> 0 | I36: Collections care | J36: =IFERROR(J15/SUM($J15:$M15),0)*100 -> 0 | K36: =IFERROR(K15/SUM($J15:$M15),0)*100 -> 0 | L36: =IFERROR(L15/SUM($J15:$M15),0)*100 -> 0 | M36: =IFERROR(M15/SUM($J15:$M15),0)*100 -> 0 | N36: =SUM(J36:M36) -> 0 | P36: Collections care | Q36: =IFERROR(Q15/SUM($Q15:$T15),0)*100 -> 0 | R36: =IFERROR(R15/SUM($Q15:$T15),0)*100 -> 0 | S36: =IFERROR(S15/SUM($Q15:$T15),0)*100 -> 0 | T36: =IFERROR(T15/SUM($Q15:$T15),0)*100 -> 0
B37: Access policies | C37: =IFERROR(C16/SUM($C16:$F16),0)*100 -> 0 | D37: =IFERROR(D16/SUM($C16:$F16),0)*100 -> 0 | E37: =IFERROR(E16/SUM($C16:$F16),0)*100 -> 0 | F37: =IFERROR(F16/SUM($C16:$F16),0)*100 -> 0 | G37: =SUM(C37:F37) -> 0 | I37: Access policies | J37: =IFERROR(J16/SUM($J16:$M16),0)*100 -> 0 | K37: =IFERROR(K16/SUM($J16:$M16),0)*100 -> 0 | L37: =IFERROR(L16/SUM($J16:$M16),0)*100 -> 0 | M37: =IFERROR(M16/SUM($J16:$M16),0)*100 -> 0 | N37: =SUM(J37:M37) -> 0 | P37: Access policies | Q37: =IFERROR(Q16/SUM($Q16:$T16),0)*100 -> 0 | R37: =IFERROR(R16/SUM($Q16:$T16),0)*100 -> 0 | S37: =IFERROR(S16/SUM($Q16:$T16),0)*100 -> 0 | T37: =IFERROR(T16/SUM($Q16:$T16),0)*100 -> 0
B38: Access plans & planning | C38: =IFERROR(C17/SUM($C17:$F17),0)*100 -> 0 | D38: =IFERROR(D17/SUM($C17:$F17),0)*100 -> 0 | E38: =IFERROR(E17/SUM($C17:$F17),0)*100 -> 0 | F38: =IFERROR(F17/SUM($C17:$F17),0)*100 -> 0 | G38: =SUM(C38:F38) -> 0 | I38: Access plans & planning | J38: =IFERROR(J17/SUM($J17:$M17),0)*100 -> 0 | K38: =IFERROR(K17/SUM($J17:$M17),0)*100 -> 0 | L38: =IFERROR(L17/SUM($J17:$M17),0)*100 -> 0 | M38: =IFERROR(M17/SUM($J17:$M17),0)*100 -> 0 | N38: =SUM(J38:M38) -> 0 | P38: Access plans & planning | Q38: =IFERROR(Q17/SUM($Q17:$T17),0)*100 -> 0 | R38: =IFERROR(R17/SUM($Q17:$T17),0)*100 -> 0 | S38: =IFERROR(S17/SUM($Q17:$T17),0)*100 -> 0 | T38: =IFERROR(T17/SUM($Q17:$T17),0)*100 -> 0
B39: Access information, procedures & activities | C39: =IFERROR(C18/SUM($C18:$F18),0)*100 -> 0 | D39: =IFERROR(D18/SUM($C18:$F18),0)*100 -> 0 | E39: =IFERROR(E18/SUM($C18:$F18),0)*100 -> 0 | F39: =IFERROR(F18/SUM($C18:$F18),0)*100 -> 0 | G39: =SUM(C39:F39) -> 0 | I39: Access information, procedures & activities | J39: =IFERROR(J18/SUM($J18:$M18),0)*100 -> 0 | K39: =IFERROR(K18/SUM($J18:$M18),0)*100 -> 0 | L39: =IFERROR(L18/SUM($J18:$M18),0)*100 -> 0 | M39: =IFERROR(M18/SUM($J18:$M18),0)*100 -> 0 | N39: =SUM(J39:M39) -> 0 | P39: Access information, procedures & activities | Q39: =IFERROR(Q18/SUM($Q18:$T18),0)*100 -> 0 | R39: =IFERROR(R18/SUM($Q18:$T18),0)*100 -> 0 | S39: =IFERROR(S18/SUM($Q18:$T18),0)*100 -> 0 | T39: =IFERROR(T18/SUM($Q18:$T18),0)*100 -> 0

Sheet Reporting
B1: Operational status | M1: Current resilience status | Y1: Future resilience status | AJ1: Comparison of current with future resilience

Sheet Sheet1

Sheet Guidance notes
A2: 1. Introduction This tool has been created by archive and records management professionals on behalf of The Archives and Records Association and the partners of the Archive Service Accreditation Standard . It aims to provide a broad-brush and quick method of assessing the resilience of an archive and/or records management service. The indicator is designed as a generic tool to be suitable for use across archives and RM services of all types and sizes. The content of the indicators is informed by the following standards: • Archive Service Accreditation Standard https://www.nationalarchives.gov.uk/documents/archives/archive-service-accreditation-standard-june-2018.pdf • International Standard (ISO 15489-1) on Information and documentation – Records Management (ISO, 2016) • Lord Chancellor’s Code of Practice on the management of records issued under section 46 of the Freedom of Information Act 2000 (Ministry of Justice and The National Archives, 2009) - http://www.nationalarchives.gov.uk/documents/information-management/foi-section-46-code-of-practice.pdf It is intended to be answered spontaneously through your general sense of the status of the service rather than requiring detailed work such as research or consultation. However, in answering the indicator questions you may find this prompts ideas for further action or research, or awareness of gaps in knowledge about the service.
A4: 2. Overview There are three different indicators available: • An archive service without a records management function • An archive service with a records management function • A records management service Choose the indicator which best represents your service. The tool comprises four spreadsheets (‘Form’) covering: Archive Organisation, Archive Collections , Archive Stakeholders and Records Management. Each of these spreadsheets has a series of questions organised into categories. These responses then automatically feed into a ‘Summary Scores’ and a ‘Reporting’ spreadsheet. Each type of indicator is made up of a suitable combination of these spreadsheets. No question is mandatory so you may wish to purely answer questions relating to individual parts of a service rather than the whole organisation (e.g. finance, future resilience, just the records management element of a combined archive and records management service) to provide assessment of specific areas. You can decide which questions you want to focus on.
A6: 3. What the indicator reports on There are four reporting sections: • Position against operational elements • Current resilience • Future resilience • Comparison of current and future resilience Position against operational elements This graphs the responses to the questions under ‘Policies’, ‘Plans’, and ‘Procedures’ for each element. Its purpose is to give a sense of what the service has in place. For Archive Organisation, Archive Collections and Archive Stakeholders these elements map onto the elements identified the Archive Service Accreditation Standard. It is NOT an indicator of whether a service meets the Archive Service Accreditation Standard but it will flag up individual areas which a service needs to focus on to ensure a coherent and professional service. A pie chart depicts the overall extent to which the service has operational elements in place. You can go back to the ‘Forms’ spreadsheets to see the detail of how the service has scored. Current resilience This graphs ‘Current status’ and ‘Current engagement’ for each element. It is a broad-brush look at the current impact and standing of the service with a view to providing a basic assessment of the strength of the service at the current time. A summary pie chart depicts the overall resilience of the service. You can go back to the ‘Forms’ spreadsheets to see the detail of how the service has scored. Future resilience This is an opportunity to capture how you think the service could fare in the near future. It summarises responses to the ‘Future forecast’ A summary pie chart depicts the overall expected future resilience of the service. You can go back to the ‘Forms’ spreadsheets to see the detail of how the service has scored Comparison of current and future resilience This aims to provide a sense of the direction of the resilience of the service i.e. is it expected to become more or less resilient both overall and with regards to individual elements.
A8: 4. Filling in the indicator The purpose of the indicator is to provide a quick overview of your service. You may wish to complete it alone or with a team. The intention is that respondents complete each question with a ‘gut feel’ of their response rather than undertaking extensive research. However, it is up to the individual respondent how they would like to approach completion. Specific instructions for the indicator are as follows: • In each worksheet entitled ‘Form’ answer the questions by putting an ‘x’ in the relevant answer box (No, Partially, Yes, Don’t know, Not applicable). The box will be highlighted with the appropriate colour to provide a visual guide to the state of the service. If the box does not highlight you have probably put the ‘x’ in a box outside of the response area. • ‘Future forecast’ questions ask you to look forward and contemplate the likely experience of the service in the coming years. No specific time frame is identified as this will depend on the service e.g. the planning cycle, passing a major deadline, aligning with a specific reporting timeframe. The indicator was designed with an expectation of roughly a 3 to 5 year time frame but it is entirely up to the respondent what time frame is used. • No question is compulsory and you may wish to complete only those questions relating to a certain aspect of your service. • Please only put x in the box or it will not recognise your answer. • Do not put a space before or after the x or it will not recognise your answer • If you tick more than one box in answer to an individual question the reporting will count both answers • If you tick the wrong box just delete the entry and put it in the right box. The ‘Summary Scores’ and ‘Reporting’ will automatically update • You can change any answer at any time and the reporting will automatically reflect these changes • In certain elements there may not always be three sections marked ‘Policies’, ‘Plans’ and ‘Procedures’ but a combination of one or two of these. • Each question has an ‘Action’ column which is provided to note activities that might be necessary to develop this area of the service. This ‘Action’ column is entirely voluntary and has no impact on the ‘Summary scores’ and ‘Reporting’. Its purpose is merely to assist a service in thinking about action planning for development. If you are filling in a sheet relating to records management this tool has been designed to provide categories for records management that are similar to Archive Service Accreditation Standard elements to provide a framework for structuring the tool. The use of the term ‘Accreditation equivalent’ does not suggest any sort of accreditation for a records management service.
A10: 5. Reporting Your answers are automatically tabulated to provide a numerical summary in the ‘Summary Scores’ worksheet. This summarises both the absolute scores and proportions of the scores for each element. Your answers are also depicted in a series of graphs in the ‘Reporting’ spreadsheet. They show the overall position for each form you completed (i.e. Archive Organisation, Archive Collections, Archive Stakeholders, Records Management) and the proportional breakdown of your answers for each element. These graphs can be printed out by clicking on ‘File, then ‘Print’, at which point you can decide to save the print out as PDF instead. You can also click on individual charts and copy them to paste in them into other documents. As well as the ‘Summary’ and ‘Reporting’ spreadsheets you can also review the individual ‘Form’ spreadsheets where you can quickly identify aspects of your service including: • Answers coloured red or yellow to spot areas of concern • Answers coloured purple to identify areas that you do not have sufficient knowledge on • If you complete the ‘Actions’ column you will end up with a basic list of activities or issues that your service needs to address to improve specific aspects of the service which could be used as the basis for developing an action plan for improvement either across the whole service or for individual elements.
